 Dungeon Sprint DCSS version 0.27-a0-1177-g245c70e1c0 (webtiles) character file.

Game seed: 8845773679396726475

20386 mhtbhm the Metallomancer (level 12, -12/70 HPs)
             Began as a Gargoyle Earth Elementalist on May 16, 2021.
             Was the Champion of Vehumet.
             Mangled by a stone giant (26 damage)
             ... in the Dungeon (Sprint IX: "|||||||||||||||||||||||||||||").
             The game lasted 00:11:46 (7764 turns).

mhtbhm the Metallomancer (GrEE)                     Turns: 7764, Time: 00:11:47

Health: -12/70     AC: 25    Str: 19    XL:     12   Next: 78%
Magic:  2/33       EV: 13    Int: 20    God:    Vehumet [******]
Gold:   1077       SH:  0    Dex: 10    Spells: 26/46 levels left

rFire    + . .     SeeInvis .   a - +2 dire flail (protect)
rCold    + + .     Faith    .   (shield currently unavailable)
rNeg     + . .     Spirit   .   c - +2 robe {rC+ rF+}
rPois    ∞         Reflect  .   l - +0 helmet
rElec    +         Harm     .   o - +1 cloak
rCorr    .         Rampage  .   w - +0 pair of gloves {Str+3}
Will     .....     NoTele   +   m - +0 pair of boots
Stlth    +++.......             (no amulet)
HPRegen  0.21/turn              n - +3 ring of strength
MPRegen  0.23/turn              z - ring of protection from cold

@: under a protective aura
A: sickness immunity, AC +8, negative energy resistance 1, electricity
resistance, torment resistance 1, petrification resistance
a: Renounce Religion


You were in the Dungeon.
You worshipped Vehumet.
Vehumet was exalted by your worship.
You visited 1 branch You collected 1925 gold pieces.
You spent 848 gold pieces at shops.

Inventory:

Hand Weapons
 a - a +2 dire flail of protection (weapon)
Missiles
 b - 23 stones
 u - 7 javelins
Armour
 c - a +2 robe of resistance (worn)
 l - a +0 helmet (worn)
 m - a +0 pair of boots (worn)
 o - a +1 cloak (worn)
 w - a +0 pair of gloves of strength (worn)
Jewellery
 n - a +3 ring of strength (left hand)
 y - a ring of see invisible
 z - a ring of protection from cold (right hand)
Wands
 v - a wand of iceblast (4)
Scrolls
 i - 3 scrolls of blinking
 j - 2 scrolls of amnesia
 q - 3 scrolls of identify
 r - 6 scrolls of enchant armour
 t - 2 scrolls of fear
 x - 3 scrolls of enchant weapon
Potions
 d - 5 potions of curing
 e - a potion of invisibility
 f - a potion of haste
 g - 3 potions of magic
 h - 12 potions of heal wounds
 k - 2 potions of might
 p - a potion of mutation
 s - a potion of resistance


   Skills:
 + Level 6.0 Fighting
 + Level 3.8 Maces & Flails
 + Level 3.7 Armour
 + Level 6.0 Dodging
 + Level 7.3 Stealth
 + Level 3.8 Unarmed Combat
 + Level 17.8 Spellcasting
 + Level 3.6 Conjurations
 + Level 3.7 Transmutations
 + Level 1.5 Fire Magic
 + Level 22.4 Earth Magic
 + Level 5.2 Evocations


You had 26 spell levels left.
You knew the following spells:

 Your Spells              Type           Power      Damage    Failure   Level
a - Sandblast             Erth           100%       2d20      0%          1
b - Passwall              Tmut/Erth      52%        N/A       1%          2
c - Stone Arrow           Conj/Erth      100%       3d13      1%          3
d - Lee's Rapid Deconstr  Erth           41%        3d21*     0%          5
e - Petrify               Tmut/Erth      63%        N/A       1%          4
f - Bolt of Magma         Conj/Fire/Erth 26%        4d12      1%          5

Your spell library contained the following spells:

 Spells                   Type           Power      Damage    Failure   Level
 Lehudib's Crystal Spear  Conj/Erth      31%        10d8      24%         8


Dungeon Overview and Level Annotations

Branches:
Dungeon (1/1)

Altars:
Cheibriados
Dithmenos
Elyvilon
Fedhas
Gozag
Hepliaklqana
Kikubaaqudgha
Makhleb
Nemelex Xobeh
Okawaru
Qazlal
Ru
Sif Muna
Trog
Uskayaw
Vehumet
Wu Jian
Xom
Yredelemnul
Zin
The Shining One
Beogh
Jiyva
Lugonu

Shops:
D [?([


Innate Abilities, Weirdness & Mutations

You are immune to sickness and miasma.
Your stone body is resilient. (AC +8)
You are immune to poison.
You resist negative energy. (rN+)
You are resistant to electric shocks. (rElec)
You are resistant to unholy torment.
You are immune to petrification.


Message History

Confirm with . or Enter, or press ? or * to list all spells.
Aiming: Lee's Rapid Deconstruction (safe; 0% risk of failure)
Press: ? - help, Dir - move target An open door.
The stone door frame shatters!
The blast of rock fragments hits the stone giant!
The stone giant is heavily wounded.
The stone giant hits you!
Unknown command.
Casting: Lee's Rapid Deconstruction (safe; 0% risk of failure)
Confirm with . or Enter, or press ? or * to list all spells.
Aiming: Sandblast (safe; 0% risk of failure)
Press: ? - help, Shift-Dir - straight line The blast of sand hits the stone giant!
The stone giant is severely wounded.
The stone giant closely misses you.
Unknown command.
Casting: Sandblast (safe; 0% risk of failure)
Confirm with . or Enter, or press ? or * to list all spells.
Aiming: Sandblast (safe; 0% risk of failure)
Press: ? - help, Shift-Dir - straight line, f - stone giant
Aim: a stone giant, quivering large rocks (severely wounded, 100% to hit)
The blast of sand hits the stone giant but does no damage.
The stone giant is severely wounded.
The stone giant hits you.
Unknown command.
Unknown command.
Unknown command.
You hit the stone giant.
Your weapon exudes an aura of protection.
The stone giant is severely wounded.
The stone giant hits you!
* * * LOW HITPOINT WARNING * * *
You hit the stone giant but do no damage.
The stone giant is severely wounded.
The stone giant closely misses you.
You hit the stone giant.
The stone giant is severely wounded.
The stone giant hits you!!
You die...

..'......(......'.†.....▓
▓▓▓▓▓▓▓▓▓▓▓▓▓▓▓▓▓▓▓▓▓▓▓▓▓
.)....).).....)......)..▓
▓▓▓▓▓▓▓▓▓▓▓▓▓▓▓▓▓▓▓▓▓▓▓.▓
........))))....).......▓
▓▓▓▓▓▓▓▓▓▓▓▓▓▓▓▓▓▓▓▓▓▓▓▓▓
........................▓
▓▓▓▓▓▓▓▓▓▓▓▓▓▓▓▓▓▓▓▓▓▓▓.▓
.)))))))).)...'C@.......▓
▓▓▓▓▓▓▓▓▓▓▓▓▓▓▓▓▓▓▓▓▓▓▓▓▓


You could see a stone giant.

Vanquished Creatures
  An ice dragon (D)
  A boulder beetle (D)
  A catoblepas (D)
  A tengu warrior (D)
  Urug (D)
  4 orc high priests (D)
  A wizard (D)
  11 orc knights (D)
  3 ugly things (D)
  A cyclops (D)
  A black mamba (D)
  Joseph (D)
  An elephant (D)
  3 cane toads (D)
  2 komodo dragons (D)
  2 rime drakes (D)
  A freezing wraith (D)
  2 trolls (D)
  2 polar bears (D)
  2 blink frogs (D)
  A slime creature (D)
  A shadow (D)
  A wyvern (D)
  A basilisk (D)
  A yak (D)
  Grum (D)
  4 water moccasins (D)
  7 black bears (D)
  11 orc warriors (D)
  3 centaurs (D)
  4 wolves (D)
  A gnoll sergeant (D)
  A bullfrog (D)
  A hound (D)
  4 orc priests (D)
  An orc wizard (D)
  A gnoll (D)
  An adder skeleton (D)
  7 orcs (D)
  2 bat zombies (D)
  An endoplasm (D)
  A goblin (D)
  A kobold (D)
  A ball python skeleton (D)
  A giant cockroach zombie (D)
  2 rats (D)
103 creatures vanquished.

Notes
Turn   | Place    | Note
-------+----------+-------------------------------------------
     0 | D        | mhtbhm the Gargoyle Earth Elementalist began the quest for
                  | the Orb.
     0 | D        | Reached XP level 1. HP: 10/10 MP: 3/3
     5 | D        | Reached skill level 4 in Earth Magic
    23 | D        | Reached skill level 5 in Earth Magic
   191 | D        | Noticed a hound
   195 | D        | Reached skill level 1 in Unarmed Combat
   195 | D        | Reached XP level 2. HP: 15/15 MP: 2/5
   218 | D        | Reached skill level 6 in Earth Magic
   218 | D        | Reached XP level 3. HP: 10/20 MP: 0/8
   483 | D        | Learned a level 2 spell: Passwall
   487 | D        | Learned a level 3 spell: Stone Arrow
   497 | D        | Found a snail-covered altar of Cheibriados.
   497 | D        | Found a shadowy altar of Dithmenos.
   497 | D        | Found a white marble altar of Elyvilon.
   497 | D        | Found a blossoming altar of Fedhas.
   497 | D        | Found an opulent altar of Gozag.
   498 | D        | Found a hazy altar of Hepliaklqana.
   499 | D        | Found a viscous altar of Jiyva.
   500 | D        | Found an ancient bone altar of Kikubaaqudgha.
   501 | D        | Found a corrupted altar of Lugonu.
   502 | D        | Found a burning altar of Makhleb.
   503 | D        | Found a sparkling altar of Nemelex Xobeh.
   504 | D        | Found an iron altar of Okawaru.
   505 | D        | Found a stormy altar of Qazlal.
   506 | D        | Found a sacrificial altar of Ru.
   507 | D        | Found a shimmering blue altar of Sif Muna.
   508 | D        | Found a bloodstained altar of Trog.
   509 | D        | Found a hide-covered altar of Uskayaw.
   510 | D        | Found a radiant altar of Vehumet.
   511 | D        | Found an ornate altar of the Wu Jian Council.
   512 | D        | Found a shimmering altar of Xom.
   513 | D        | Found a basalt altar of Yredelemnul.
   514 | D        | Found a glowing silver altar of Zin.
   515 | D        | Found a glowing golden altar of the Shining One.
   518 | D        | Became a worshipper of Vehumet
   557 | D        | Noticed a centaur
   557 | D        | Noticed a centaur
   557 | D        | Noticed a shadow
   557 | D        | Noticed a centaur
   562 | D        | Killed a centaur
   562 | D        | Reached * piety under Vehumet
   562 | D        | Offered knowledge of Freeze by Vehumet.
   562 | D        | Killed a shadow
   562 | D        | Killed a centaur
   563 | D        | Reached skill level 1 in Maces & Flails
   563 | D        | Reached skill level 10 in Earth Magic
   563 | D        | Reached XP level 4. HP: 15/27 MP: 9/13
   563 | D        | Reached XP level 5. HP: 17/31 MP: 9/14
   563 | D        | Reached XP level 6. HP: 20/36 MP: 10/16
   563 | D        | Reached ** piety under Vehumet
   564 | D        | Reached skill level 11 in Earth Magic
   564 | D        | Reached XP level 7. HP: 22/40 MP: 9/18
   878 | D        | Noticed a boulder beetle
   878 | D        | Noticed a komodo dragon
   878 | D        | Noticed a troll
   878 | D        | Noticed a troll
   878 | D        | Noticed a red ugly thing
   881 | D        | Offered knowledge of Shock by Vehumet.
   881 | D        | Killed a troll
   882 | D        | Reached skill level 5 in Stealth
   882 | D        | Reached skill level 12 in Earth Magic
   882 | D        | Reached skill level 1 in Evocations
   884 | D        | Killed a red ugly thing
   884 | D        | Reached *** piety under Vehumet
   885 | D        | Reached skill level 5 in Dodging
   885 | D        | Reached skill level 13 in Earth Magic
   885 | D        | Reached XP level 8. HP: 5/47 MP: 19/21
   885 | D        | Killed a troll
   886 | D        | Reached skill level 10 in Spellcasting
  1156 | D        | Learned a level 5 spell: Lee's Rapid Deconstruction
  1161 | D        | Learned a level 4 spell: Petrify
  1166 | D        | Killed a komodo dragon
  1166 | D        | Offered knowledge of Ignite Poison by Vehumet.
  1167 | D        | Reached skill level 14 in Earth Magic
  1183 | D        | Killed a boulder beetle
  1184 | D        | Reached skill level 1 in Transmutations
  1184 | D        | Reached skill level 15 in Earth Magic
  1184 | D        | Reached XP level 9. HP: 34/52 MP: 1/24
  1620 | D        | Noticed a black mamba
  1620 | D        | Noticed a cane toad
  1620 | D        | Noticed a rime drake
  1620 | D        | Noticed a cane toad
  1624 | D        | Killed a cane toad
  1624 | D        | Offered knowledge of Airstrike by Vehumet.
  1624 | D        | Reached **** piety under Vehumet
  1624 | D        | Killed a rime drake
  1625 | D        | Reached skill level 5 in Fighting
  1625 | D        | Reached skill level 1 in Conjurations
  1630 | D        | Killed a black mamba
  1630 | D        | Killed a cane toad
  1630 | D        | Reached ***** piety under Vehumet
  1631 | D        | Reached skill level 1 in Armour
  1631 | D        | Reached skill level 16 in Earth Magic
  1631 | D        | Reached XP level 10. HP: 59/59 MP: 2/26
  1960 | D        | Offered knowledge of Iskenderun's Battlesphere by Vehumet.
  2138 | D        | Noticed a cane toad
  2143 | D        | Offered knowledge of Fulminant Prism by Vehumet.
  2144 | D        | Reached skill level 17 in Earth Magic
  2145 | D        | Killed a cane toad
  2146 | D        | Noticed an elephant
  2405 | D        | Killed an elephant
  2820 | D        | Reached skill level 18 in Earth Magic
  2821 | D        | Reached ****** piety under Vehumet
  2821 | D        | Offered knowledge of Olgreb's Toxic Radiance by Vehumet.
  2822 | D        | Reached XP level 11. HP: 64/64 MP: 14/29
  3195 | D        | Noticed Urug
  3206 | D        | Killed Urug
  3322 | D        | Noticed Joseph
  3708 | D        | Killed Joseph
  3957 | D        | Noticed Grum
  3967 | D        | Killed Grum
  3974 | D        | Offered knowledge of Ozocubu's Refrigeration by Vehumet.
  4243 | D        | Noticed an orc knight
  4437 | D        | Killed an orc knight
  4437 | D        | Offered knowledge of Spellforged Servitor by Vehumet.
  4438 | D        | Reached skill level 19 in Earth Magic
  4607 | D        | Reached skill level 15 in Spellcasting
  4608 | D        | Noticed an orc knight
  4716 | D        | Killed an orc knight
  4910 | D        | Offered knowledge of Lightning Bolt by Vehumet.
  5369 | D        | Found Nebayw's Antique Armour Boutique.
  5369 | D        | Noticed an orc knight
  5369 | D        | Noticed an orc knight
  5369 | D        | Noticed an orc knight
  5369 | D        | Noticed an orc high priest
  5369 | D        | Noticed an orc knight
  5377 | D        | Killed an orc high priest
  5380 | D        | Killed an orc knight
  5381 | D        | Reached skill level 20 in Earth Magic
  5560 | D        | Killed an orc knight
  5909 | D        | Killed an orc knight
  6069 | D        | Killed an orc knight
  6167 | D        | Noticed an orc knight
  6173 | D        | Killed an orc knight
  6173 | D        | Offered knowledge of Bolt of Magma by Vehumet.
  6174 | D        | Reached XP level 12. HP: 69/69 MP: 5/32
  6316 | D        | Noticed an orc high priest
  6327 | D        | Noticed a soul eater
  6327 | D        | Killed an orc high priest
  6328 | D        | Reached skill level 21 in Earth Magic
  6328 | D        | Reached skill level 5 in Evocations
  6540 | D        | Found Cik Yfowk's Antique Weapon Shop.
  6543 | D        | Found Toopi's Magic Scroll Boutique.
  6545 | D        | Found Timedyeq's Armour Shop.
  6547 | D        | Noticed an orc high priest
  6552 | D        | Killed an orc high priest
  6665 | D        | Noticed an orc high priest
  6668 | D        | Killed an orc high priest
  6838 | D        | Bought a scroll of blinking for 97 gold pieces
  6842 | D        | Bought a pair of glowing gloves for 127 gold pieces
  6854 | D        | Bought a +2 robe of resistance for 527 gold pieces
  6861 | D        | Bought a scroll of enchant weapon for 97 gold pieces
  7074 | D        | Learned a level 5 spell: Bolt of Magma
  7074 | D        | Noticed a catoblepas
  7079 | D        | Killed a catoblepas
  7079 | D        | Offered knowledge of Lehudib's Crystal Spear by Vehumet.
  7274 | D        | Noticed a tengu warrior
  7279 | D        | Noticed an ice dragon
  7283 | D        | Reached skill level 22 in Earth Magic
  7285 | D        | Reached skill level 1 in Fire Magic
  7285 | D        | Killed a tengu warrior
  7289 | D        | Noticed a stone giant
  7603 | D        | Killed an ice dragon
  7764 | D        | Mangled by a stone giant

Illustrated notes

Levels and vault maps discovered:
D:        linesprint [early_d, line_temple, items_1, d_10, items_2, lair_1,
          lair_end, items_3, orc_1, orc_end, items_4, d_15, swamp_1, shoals_1,
          snake_1, spider_1, d_20, vaults_1, items_5, swamp_end, shoals_end,
          snake_end, spider_end, vaults_end, d_27, items_6, zot_1, zot_end,
          crypt_end, forest_end, elf_end, slime_end, tomb_end, abyss_end,
          pan_hell_end]

Skill      XL: |  1  2  3  4  5  6  7  8  9 10 11 12 |
---------------+-------------------------------------+-----
Earth Magic    | 5 6 10 11 13 15 16 18 20 22 | 22.4
Unarmed Combat | 1 2 3 |  3.8
Spellcasting   | 3 7 9 11 12 14 16 17 | 17.8
Dodging        | 2 4 5 6 |  6.0
Stealth        | 3 4 5 6 7 |  7.3
Fighting       | 2 3 4 5 6 |  6.0
Maces & Flails | 1 2 3 |  3.8
Evocations     | 2 3 4 5 |  5.2
Transmutations | 1 3 |  3.7
Conjurations   | 1 2 3 |  3.6
Armour         | 1 2 3 |  3.7
Fire Magic     | 1 |  1.5

Action                   |  1- 3 |  4- 6 |  7- 9 | 10-12 || total
-------------------------+-------+-------+-------+-------++-------
Melee: Unarmed           |     7 |       |       |       ||     7
       Club              |     4 |       |       |       ||     4
       Dire flail        |       |       |       |    14 ||    14
 Cast: Sandblast         |    15 |       |     5 |    21 ||    41
       Stone Arrow       |       |     1 |       |    10 ||    11
       Lee's Rapid Decon |       |       |     9 |   108 ||   117
       Petrify           |       |       |     1 |    35 ||    36
       Bolt of Magma     |       |       |       |     7 ||     7
Evoke: Wand              |     2 |       |     8 |     4 ||    14
  Use: Potion            |     3 |       |       |     1 ||     4
       Scroll            |       |       |     1 |       ||     1
 Stab: Petrified         |       |       |       |     4 ||     4
Armor: Robe              |     9 |       |       |     4 ||    13
       Troll leather arm |       |       |     2 |    25 ||    27
Dodge: Dodged            |    19 |       |     6 |    42 ||    67

Table legend: (Time is in decaauts)
 A = Elapsed time spent in this place.
 B = Non-inter-level travel time spent in this place.
 C = Inter-level travel time spent in this place.
 D = Time resting spent in this place.
 E = Time spent auto-exploring this place.
 F = Levels seen in this place.
 G = Mean time per level.
                   A        B        C        D        E       F      G
               +--------+--------+--------+--------+--------+-----+--------+
         Total |   7759 |   7759 |      0 |   5802 |    566 |   1 | 7759.0 |
       Dungeon |   7759 |   7759 |      0 |   5802 |    566 |   1 | 7759.0 |
               +--------+--------+--------+--------+--------+-----+--------+

Top non-repeatable levels by time:
       D: 7759 daAuts
